 Dungeon Crawl Stone Soup version 0.19-a0-1895-g783e625 (webtiles) character file.

34597 Kidiri the Thaumaturge (level 13, -4/85 HPs)
             Began as a High Elf Fire Elementalist on Oct 18, 2016.
             Was a High Priest of Vehumet.
             Slain by a hell knight
             ... wielding a +0 halberd of flaming
              (5 damage)
             ... in a volcano.
             The game lasted 01:14:34 (23611 turns).

Kidiri the Thaumaturge (HEFE)                      Turns: 23611, Time: 01:14:36

Health: -4/85      AC: 11    Str:  7    XL:     13   Next: 43%
Magic:  6/29       EV: 18    Int: 28    God:    Vehumet [*****.]
Gold:   731        SH:  0    Dex: 18    Spells: 11 memorised, 0 levels left

rFire  + . .     SeeInvis .     q - +5 short sword (speed)
rCold  . . .     Gourm    .     x - +2 robe {MR+}
rNeg   . . .     Faith    .     (no shield)
rPois  .         Spirit   .     (no helmet)
rElec  .         Reflect  .     A - +1 cloak
rCorr  .         Harm     .     E - +1 pair of gloves
MR     ++...                    u - +0 pair of boots
Stlth  ++........               s - amulet of magic regeneration
                                e - +3 ring of intelligence
                                I - ring of protection from fire

@: about to teleport
A: yellow scales 1, agile 1, deformed body, wild magic 1
a: Renounce Religion


You were in a volcano.
You worshipped Vehumet.
Vehumet was extremely pleased with you.
You were not hungry.

You visited 3 branches of the dungeon, and saw 16 of its levels.
You also visited: Volcano.

You collected 971 gold pieces.
You spent 240 gold pieces at shops.

Inventory:

Hand Weapons
 q - a +5 short sword of speed (weapon)
Armour
 h - a +0 leather armour of cold resistance
 u - a +0 pair of boots (worn)
 x - a +2 robe of magic resistance (worn)
 A - a +1 cloak (worn)
 E - a +1 pair of gloves (worn)
Jewellery
 e - a +3 ring of intelligence (right hand)
 s - an amulet of magic regeneration (around neck)
 I - a ring of protection from fire (left hand)
 J - an uncursed ring of poison resistance
 O - an uncursed ring of flight
Wands
 d - a wand of hasting (6/9)
 f - a wand of paralysis (14/24)
 k - a wand of enslavement (14/24)
 n - a wand of iceblast (6/15)
 r - a wand of polymorph (14/24)
 t - a wand of lightning (6/15)
 y - a wand of random effects (30/48)
 z - a wand of disintegration (4/24)
 M - a wand of teleportation (2/9)
Scrolls
 o - a scroll of amnesia
 G - a scroll of teleportation
 K - a scroll of silence
 L - 3 scrolls of remove curse
Potions
 i - a potion of flight
 j - a potion of cure mutation
 v - 2 potions of ambrosia
 w - 2 potions of might
 B - a potion of haste
 C - a potion of brilliance
 D - a potion of cancellation
 F - 3 potions of agility
 H - a potion of magic {unknown}
 N - a potion of resistance {unknown}
Books
 a - Defawev's Guide on Earth
   (You found it on level 1 of the Lair of Beasts)

   Spells                             Type                      Level
   a - Sandblast                      Earth                        1
   b - Passwall                       Transmutation/Earth          2
   c - Stone Arrow                    Conjuration/Earth            3
   d - Bolt of Magma                  Conjuration/Fire/Earth       5
   e - Shatter                        Earth                        9
Comestibles
 c - 8 bread rations
 g - 6 meat rations
 l - 14 royal jellies


   Skills:
 + Level 6.6 Fighting
 + Level 8.3 Short Blades
 + Level 6.1 Armour
 + Level 7.6 Dodging
 - Level 2.1 Stealth
 * Level 11.2 Spellcasting
 + Level 8.6 Conjurations
 + Level 8.8 Fire Magic
 + Level 7.2 Air Magic
 + Level 5.4 Earth Magic
 + Level 2.4 Poison Magic
 + Level 6.9 Evocations


You couldn't memorise any spells.
You knew the following spells:

 Your Spells              Type           Power        Failure   Level  Hunger
a - Flame Tongue          Conj/Fire      #####        1%          1    None
b - Throw Flame           Conj/Fire      ######       1%          2    None
c - Conjure Flame         Conj/Fire      ######..     1%          3    None
d - Inner Flame           Hex/Fire       ######..     1%          3    None
e - Sticky Flame          Conj/Fire      ######..     1%          4    None
f - Fireball              Conj/Fire      ######....   1%          5    ###....
g - Stone Arrow           Conj/Erth      ######       1%          3    None
h - Shock                 Conj/Air       ####         1%          1    None
i - Airstrike             Air            ######....   1%          4    None
j - Mephitic Cloud        Conj/Pois/Air  ######..     1%          3    None
k - Bolt of Magma         Conj/Fire/Erth ######....   2%          5    ###....


Dungeon Overview and Level Annotations

Branches:
Dungeon (11/15)            Temple (1/1) D:6            Lair (4/6) D:10
  Swamp (0/4) Lair:3        Snake (0/4) Lair:2          Orc (0/2) D:11

Altars:
Ashenzari
Cheibriados
Dithmenos
Elyvilon
Fedhas
Gozag
Hepliaklqana
Kikubaaqudgha
Makhleb
Nemelex Xobeh
Okawaru
Qazlal
Ru
Sif Muna
Trog
Uskayaw
Vehumet
Xom
Yredelemnul
Zin
The Shining One

Shops:
D:8 *   D:11 (

Portals:
Trove: D:11 (give wand of heal wounds (9))

Annotations:
D:8 Gastronok


Innate Abilities, Weirdness & Mutations

You are partially covered in yellow scales. (AC +2)
You are agile. (Dex +2)
Armour fits poorly on your strangely shaped body.
Your spells are a little harder to cast, but a little more powerful.


Message History

Aim: a hell knight, wielding a halberd of flaming and wearing a chain mail of fire resistance (moderately wounded, chance to defeat MR: 69%)
The hell knight struggles to resist.
This wand has 4 charges left.
The red devil hits you from afar with a trident of flaming!
The red devil burns you.
* * * LOW HITPOINT WARNING * * *
The hell knight completely misses you.
Unknown command.
Okay, then.
Unknown command.
Evoke which item? (* to show all) (? for menu, Esc to quit)
Zapping:
M - a wand of teleportation (will waste charges)
Press: ? - help, Shift-Dir - straight line, f - you, p - hell knight You feel strangely unstable.
Evoking this partially-identified wand wasted a few charges.
Your skill with magical items lets you calculate the power of this device...
This wand has 2 charges left.
The red devil closely misses you.
The hell knight hits you from afar with a halberd of flaming!!
* * * LOW HITPOINT WARNING * * *
The hell knight burns you.
You die...

§≈≈§≈§≈≈§≈§§§≈≈≈§§≈≈≈§≈≈≈≈≈≈≈≈≈≈§
§§≈≈§§≈≈§§.≈§≈≈≈≈≈≈≈§≈≈≈≈≈≈≈≈§≈§≈
§§≈≈§≈≈≈ .≈≈§≈≈§≈ §§≈≈≈≈§
######### ≈≈ ≈§≈≈ '.....' ≈ ≈§≈≈
#.8_8.# § ≈≈≈≈ #.4p..# § ≈≈≈≈ #'#
§ ≈≈ #@# §§ ≈§≈≈≈ ≈≈ #.#
#§§§≈≈§≈≈ ≈≈ #.# #.≈≈≈≈§≈≈ §≈ #.#
#.≈≈≈≈≈≈≈ ≈≈ #.# #.≈≈≈§≈§§ ≈ #.#
#.≈≈≈≈≈≈≈ §≈
######+########.§≈≈≈§≈§
≈§§≈≈§≈..................§§≈≈≈§≈≈
≈§≈§§≈≈§.≈≈≈§≈§§§≈≈≈§§≈.≈.§≈≈§≈≈≈


You could see a hell knight and a red devil.

Vanquished Creatures
  3 hydras
  The ghost of Soeti the Nimble, a journeyman OpFi of Hepliaklqana (Lair:1)
  A sun demon (Volcano)
  An unseen horror (D:10)
  2 hill giants
  Maurice (D:8)
  4 elephants
  Joseph (D:9)
  2 black mambas
  A gargoyle (D:6)
  2 spiny frogs
  4 rime drakes
  A guardian mummy (D:11)
  2 komodo dragons
  2 hornets (D:8)
  2 trolls
  A two-headed ogre (D:11)
  6 blink frogs
  A queen bee (Lair:3)
  Grinder (D:3)
  9 hippogriffs
  Sigmund (D:7)
  36 yaks
  2 wyverns
  A fire bat (Volcano)
  A wraith (D:11)
  3 basilisks
  A hungry ghost (D:7)
  Menkaure (D:7)
  3 vampire mosquitoes (D:10)
  Edmund (D:5)
  A soldier ant (D:8)
  3 hell hounds (Volcano)
  16 porcupines
  A swamp drake (Lair:2)
  24 water moccasins
  4 orc warriors
  3 sky beasts
  An ice beast (D:10)
  A necrophage (D:4)
  7 black bears
  4 phantoms
  11 ogres
  3 centaurs
  10 crocodiles
  2 wolves (Lair:3)
  14 bullfrogs
  A wyvern skeleton (D:10)
  A scorpion (D:10)
  37 killer bees
  3 wights (D:9)
  5 howler monkeys
  An electric eel (Lair:3)
  4 lava snakes (Volcano)
  5 crimson imps
  A centaur zombie (D:10)
  A quasit (D:11)
  A bullfrog zombie (D:6)
  3 hounds (D:10)
  5 jellies
  6 orc priests
  3 bullfrog skeletons
  7 orc wizards
  3 centaur skeletons
  4 iguanas
  7 worker ants
  A hell rat (Lair:3)
  A hound skeleton (D:6)
  8 gnolls
  12 adders
  6 river rats
  An adder skeleton (D:5)
  2 worms
  3 dart slugs
  8 leopard geckos
  40 orcs
  7 giant cockroaches
  14 goblins
  5 hobgoblins
  7 jackals
  10 kobolds
  3 quokkas
  A ball python (D:1)
  18 bats
  6 frilled lizards
  2 leopard gecko skeletons
  3 leopard gecko zombies
  20 rats
479 creatures vanquished.

Vanquished Creatures (others)
  24 fungi
  4 plants
28 creatures vanquished.

Grand Total: 507 creatures vanquished

Notes
Turn   | Place    | Note
-------+----------+-------------------------------------------
     0 | D:1      | Kidiri the High Elf Fire Elementalist began the quest for the Orb.
     0 | D:1      | Reached XP level 1. HP: 11/11 MP: 4/4
   315 | D:1      | Reached XP level 2. HP: 17/17 MP: 3/6
   322 | D:1      | Learned a level 2 spell: Throw Flame
   482 | D:1      | Reached skill level 3 in Spellcasting
   718 | D:1      | Reached XP level 3. HP: 21/21 MP: 2/8
   723 | D:1      | Learned a level 3 spell: Conjure Flame
  1096 | D:2      | Learned a level 3 spell: Inner Flame
  1305 | D:2      | Reached XP level 4. HP: 27/27 MP: 5/10
  1400 | D:2      | Reached skill level 4 in Spellcasting
  1891 | D:2      | Found a faded altar of an unknown god.
  1891 | D:2      | Found a faded altar of an unknown god.
  1896 | D:2      | Found a faded altar of an unknown god.
  1898 | D:2      | Found a glowing golden altar of the Shining One.
  1900 | D:2      | Found a faded altar of an unknown god.
  2181 | D:3      | Noticed Grinder
  2191 | D:3      | Killed Grinder
  2191 | D:3      | Reached skill level 5 in Spellcasting
  2191 | D:3      | Reached XP level 5. HP: 5/31 MP: 5/13
  2191 | D:3      | Reached XP level 6. HP: 6/36 MP: 5/15
  2441 | D:2      | Learned a level 4 spell: Sticky Flame
  3941 | D:4      | Reached skill level 6 in Spellcasting
  4334 | D:5      | Entered Level 5 of the Dungeon
  4380 | D:5      | Reached XP level 7. HP: 41/41 MP: 6/17
  4432 | D:5      | Learned a level 5 spell: Fireball
  4434 | D:5      | Noticed Edmund
  4456 | D:5      | Killed Edmund
  4456 | D:5      | Reached skill level 5 in Fire Magic
  4487 | D:5      | Noticed Sigmund
  4632 | D:5      | Reached skill level 1 in Short Blades
  4632 | D:5      | Reached skill level 1 in Evocations
  4731 | D:5      | Reached skill level 1 in Armour
  4824 | D:5      | Found a shattered altar of Ashenzari.
  4833 | D:5      | Reached skill level 1 in Fighting
  5422 | D:5      | Reached XP level 8. HP: 21/48 MP: 5/19
  5596 | D:5      | Reached skill level 7 in Spellcasting
  5907 | D:6      | Found a blossoming altar of Fedhas.
  6413 | D:6      | Found a stormy altar of Qazlal.
  6415 | D:6      | Noticed an air elemental
  6479 | D:6      | Found a staircase to the Ecumenical Temple.
  6483 | Temple   | Entered the Ecumenical Temple
  6674 | Temple   | Became a worshipper of Vehumet
  7133 | D:6      | Noticed a gargoyle
  7637 | D:6      | Killed a gargoyle
  7784 | D:6      | Learned a level 4 spell: Petrify
  7817 | D:7      | Noticed Menkaure
  7820 | D:7      | Killed Menkaure
  7820 | D:7      | Reached skill level 5 in Conjurations
  7824 | D:7      | Killed Sigmund
  7824 | D:7      | Reached XP level 9. HP: 55/55 MP: 12/21
  8171 | D:7      | Reached skill level 8 in Spellcasting
  8171 | D:7      | Reached skill level 1 in Earth Magic
  8422 | D:7      | Noticed Joseph
  8946 | D:7      | Reached * piety under Vehumet
  8946 | D:7      | Offered knowledge of Shock by Vehumet.
  9026 | D:7      | Learned a level 1 spell: Shock
  9501 | D:7      | Found a burning altar of Makhleb.
  9622 | D:8      | Noticed Gastronok
  9792 | D:8      | Reached skill level 1 in Air Magic
  9863 | D:8      | Found a white marble altar of Elyvilon.
  9932 | D:8      | Found Yqokas's Assorted Antiques.
  9940 | D:8      | Bought a potion of heal wounds for 120 gold pieces
  9940 | D:8      | Bought a thin cameo amulet for 120 gold pieces
 10745 | D:8      | Reached XP level 10. HP: 63/63 MP: 1/23
 11022 | D:8      | Gained mutation: Your mind is acute. (Int +2) [mutagenic meat]
 11025 | D:8      | Lost mutation: Your mind is acute. (Int +2) [mutagenic meat]
 11028 | D:8      | Gained mutation: Armour fits poorly on your strangely shaped body. [mutagenic meat]
 11031 | D:8      | Gained mutation: You are agile. (Dex +2) [mutagenic meat]
 11034 | D:8      | Gained mutation: Your spells are a little harder to cast, but a little more powerful. [mutagenic meat]
 11037 | D:8      | Gained mutation: You are partially covered in yellow scales. (AC +2) [mutagenic meat]
 11177 | D:8      | Noticed Maurice
 11572 | D:8      | Killed Maurice
 11572 | D:8      | Reached skill level 5 in Short Blades
 12013 | D:9      | Found a deep blue altar of Sif Muna.
 12054 | D:9      | Reached skill level 9 in Spellcasting
 12327 | D:9      | Killed Joseph
 12676 | D:9      | Found a hazy altar of Hepliaklqana.
 12817 | D:10     | Entered Level 10 of the Dungeon
 13128 | D:10     | Offered knowledge of Sandblast by Vehumet.
 13136 | D:10     | Reached ** piety under Vehumet
 13207 | D:10     | Learned a level 3 spell: Stone Arrow
 13213 | D:10     | Learned a level 5 spell: Lee's Rapid Deconstruction
 13276 | D:10     | Noticed an unseen horror
 13277 | D:10     | Killed an unseen horror
 13555 | D:10     | Reached skill level 5 in Dodging
 13632 | D:10     | Noticed a hill giant
 13642 | D:10     | Killed a hill giant
 13642 | D:10     | Reached XP level 11. HP: 69/70 MP: 7/25
 14071 | D:10     | Found a staircase to the Lair.
 14368 | D:10     | Offered knowledge of Ignite Poison by Vehumet.
 14630 | D:10     | Found a sacrificial altar of Ru.
 14983 | D:11     | Noticed a hill giant
 14995 | D:11     | Killed a hill giant
 15128 | D:11     | Reached *** piety under Vehumet
 15156 | D:11     | Found Iweffabu's Weapon Shop.
 15157 | D:11     | Reached skill level 5 in Evocations
 15166 | D:11     | Found a staircase to the Orcish Mines.
 15338 | D:11     | Offered knowledge of Mephitic Cloud by Vehumet.
 15342 | D:11     | Reached skill level 5 in Fighting
 15899 | D:11     | Reached skill level 5 in Air Magic
 15932 | D:11     | Reached skill level 10 in Spellcasting
 16084 | D:11     | Learned a level 3 spell: Mephitic Cloud
 16396 | D:11     | Found a portal to a secret trove of treasure.
 16553 | D:11     | Reached **** piety under Vehumet
 16553 | D:11     | Reached skill level 5 in Armour
 16728 | Lair:1   | Entered Level 1 of the Lair of Beasts
 16756 | D:10     | Offered knowledge of Airstrike by Vehumet.
 17296 | Lair:1   | Noticed an eight-headed hydra
 17298 | Lair:1   | Reached XP level 12. HP: 77/77 MP: 16/27
 17360 | Lair:1   | Killed an eight-headed hydra
 17662 | Lair:1   | Noticed Soeti's ghost (journeyman OpFi)
 17682 | Lair:1   | Killed Soeti's ghost
 17712 | Lair:1   | Learned a level 4 spell: Airstrike
 17757 | Lair:1   | Got a pitted quarterstaff
 17758 | Lair:1   | Identified the +7 quarterstaff "Ofytam" {speed, MR+ Dex+2} (You found it on level 1 of the Lair of Beasts)
 18093 | Lair:1   | Identified Defawev's Guide on Earth
 18621 | Lair:2   | Reached skill level 1 in Poison Magic
 18989 | Lair:2   | Reached ***** piety under Vehumet
 19104 | Lair:2   | Offered knowledge of Spellforged Servitor by Vehumet.
 19363 | Lair:2   | Found a staircase to the Snake Pit.
 20341 | Lair:3   | Reached skill level 5 in Earth Magic
 21545 | Lair:3   | Found a staircase to the Swamp.
 21591 | Lair:3   | Reached XP level 13. HP: 75/83 MP: 15/28
 21738 | Lair:3   | Reached skill level 11 in Spellcasting
 22030 | Lair:3   | Learned a level 5 spell: Bolt of Magma
 22679 | Lair:4   | Offered knowledge of Poison Arrow by Vehumet.
 22924 | Lair:4   | Found a dark tunnel.
 22931 | Volcano  | Entered a volcano
 23588 | Volcano  | Found a burning altar of Makhleb.
 23611 | Volcano  | HP: 1/85 [hell knight/halberd of flaming (24)]
 23611 | Volcano  | Slain by a hell knight

Vault maps used:
D:1:      lightli_arrival_maybe_door_vault
D:2:      chequers_temple_overflow_minitemple
D:3:      uniq_grinder
D:4:      first_bread
D:5:      evilmike_ruin_ashenzari, minmay_ogre_servants, uniq_sigmund,
          uniq_edmund
D:6:      fedhas_altar_2, nicolae_qazlal_style_of_elements
D:7:      kennysheep_mini, uniq_joseph, uniq_menkaure
D:8:      overflow_temple_1_default, serial_shops, shop,
          hangedman_pestilent_swarm, hangedman_abyss_or_decor_stagger,
          uniq_maurice, uniq_gastronok
D:9:      lemuel_blue_sif_altar, lemuel_round_altar
D:10:     grunt_lair_entry_orc_guard_hut, nicolae_ru_path_of_blood
D:11:     orc_david_3, nicolae_trove_entry_path_of_doom
Temple:   eino_narrow_crystal_temple
Lair:1:   beast_lair_carwin_10
Lair:2:   minmay_snake_entry_six_corridors, pond, grunt_megastairs_5
Lair:3:   regret_index_tunnel_blossom, swamp_mist_pool
Lair:4:   nicolae_volcano_entry_s_turn
Volcano:  volcano_lake

Skill      XL: |  1  2  3  4  5  6  7  8  9 10 11 12 13 |
---------------+----------------------------------------+-----
Spellcasting   | 3 5 6 7 8 9 10 11 | 11.2
Conjurations   | 3 4 5 6 7 8 |  8.6
Fire Magic     | 4 5 6 7 8 |  8.8
Short Blades   | 1 3 4 6 7 8 |  8.3
Evocations     | 1 3 4 5 6 |  6.9
Armour         | 1 2 3 4 5 6 |  6.1
Fighting       | 1 2 3 4 5 6 |  6.6
Dodging        | 3 4 5 6 7 |  7.6
Earth Magic    | 2 3 4 5 |  5.4
Air Magic      | 1 3 5 6 7 |  7.2
Poison Magic   | 1 2 |  2.4
Stealth        | |  2.1

Action                   |  1- 3 |  4- 6 |  7- 9 | 10-12 | 13-15 || total
-------------------------+-------+-------+-------+-------+-------++-------
Melee: Unarmed           |     8 |       |       |       |       ||     8
       Dagger            |     6 |    20 |    24 |       |       ||    50
       Short sword       |       |       |    59 |   137 |    39 ||   235
 Cast: Flame Tongue      |    48 |    66 |   155 |   485 |    44 ||   798
       Throw Flame       |     6 |    16 |    45 |    82 |    11 ||   160
       Inner Flame       |       |     3 |     6 |     5 |       ||    14
       Conjure Flame     |       |     2 |    15 |    14 |       ||    31
       Sticky Flame      |       |     1 |    11 |   140 |    26 ||   178
       Shock             |       |       |       |     6 |       ||     6
       Fireball          |       |       |       |    10 |     7 ||    17
       Stone Arrow       |       |       |       |    10 |     2 ||    12
       Airstrike         |       |       |       |     1 |    18 ||    19
       Bolt of Magma     |       |       |       |       |     3 ||     3
Evoke: Wand              |       |       |     3 |     4 |     7 ||    14
  Use: Scroll            |     3 |     4 |     8 |    20 |       ||    35
       Potion            |       |       |    11 |     4 |     1 ||    16
 Stab: Sleeping          |     1 |     2 |     4 |     3 |     1 ||    11
  Eat: Chunk             |     1 |     9 |    10 |    33 |     5 ||    58
       Royal jelly       |       |       |     2 |       |       ||     2
       Beef jerky        |       |       |     1 |       |     4 ||     5
       Bread ration      |       |       |     1 |       |       ||     1
       Meat ration       |       |       |     1 |       |       ||     1
       Fruit             |       |       |       |     3 |       ||     3
       Pizza             |       |       |       |     1 |       ||     1
Armor: Robe              |     9 |     6 |    24 |   105 |    20 ||   164
Dodge: Dodged            |    37 |    29 |    83 |   390 |    76 ||   615
